 Dungeon Crawl Stone Soup version 0.13.0-65-g2bb7898 (webtiles) character file.

69339 Lilouch the Arsonist (level 14, -7/90 HPs)
             Began as a Mummy Fire Elementalist on Nov 26, 2013.
             Was an Elder of Vehumet.
             Killed from afar by a titan (27 damage)
             ... with a bolt of lightning
             ... on Level 9 of the Dungeon on Nov 27, 2013.
             The game lasted 04:43:17 (44203 turns).

Lilouch the Arsonist (Mummy Fire Elementalist)     Turns: 44203, Time: 04:43:17

HP  -7/90        AC 12     Str 11      XL: 14   Next: 85%
MP  24/41        EV 10     Int 18      God: Vehumet [****..]
Gold 1238        SH 12     Dex 12      Spells: 11 memorised,  6 levels left

Res.Fire  : x . .   See Invis. : .   Q - staff of wizardry
Res.Cold  : + + .   Warding    : .   n - +1 orc leather armour {MR+}
Life Prot.: + + +   Conserve   : .   E - +2 buckler {rN+}
Res.Poison: +       Res.Corr.  : .   P - +1 dwarf helmet
Res.Elec. : .       Clarity    : +   p - +2 cloak {rPois}
Sust.Abil.: . .     Spirit.Shd : .   A - +1 pair of dwarf gloves
Res.Mut.  : .       Stasis     : .   (no boots)
Res.Rott. : +       Flight     : .   z - amulet of clarity
Saprovore : . . .                    T - ring of protection from cold
                                     r - ring of magical power

@: delayed fireball, very resistant to hostile enchantments, quite stealthy
A: no food or potions, fire vulnerability, in touch with death, restore body,
cold resistance 1, life protection 3, poison resistance, torment resistance,
unbreathing
a: Self-Restoration, Renounce Religion, Release Delayed Fireball


You were on level 9 of the Dungeon.
You worshipped Vehumet.
Vehumet was greatly pleased with you.
You were not hungry.

You visited 4 branches of the dungeon, and saw 22 of its levels.
You also visited: Sewer.

You collected 1218 gold pieces.

Inventory:

Hand weapons
 d - a +0,+0 bow
 h - a +0,+2 sabre of venom
 w - a +0 blowgun
 B - a +2,+1 whip of electrocution
 M - the -2,+1 falchion "Giatecli" {freeze, Dex+4}
   (You found it on level 8 of the Dungeon)

   It has been specially enchanted to freeze those struck by it, causing extra
   injury to most foes and up to double damage against particularly susceptible
   opponents.
   It can also slow down cold-blooded creatures.
   It affects your dexterity (+4).
Missiles
 c - 17 arrows of dispersal
 l - 32 exploding darts (quivered)
 s - 28 poisoned needles
 C - 8 needles of confusion
 U - 6 curare-tipped needles
Armour
 n - a +1 orcish leather armour of magic resistance (worn)
 p - a +2 cloak of poison resistance (worn)
 A - a +1 pair of dwarven gloves (worn)
 E - a +2 buckler of positive energy (worn)
 P - a +1 dwarven helmet (worn)
Magical devices
 b - a wand of digging (1)
 t - a wand of polymorph (6)
 v - a wand of cold (3)
 x - a wand of cold (1)
 D - a wand of slowing (11)
 G - a wand of frost (16)
 H - a wand of teleportation (0)
 R - a wand of confusion (13)
 S - a wand of lightning (1)
Scrolls
 a - a scroll of identify
 e - 3 scrolls of fog
 i - 3 scrolls of remove curse
 m - 3 scrolls of teleportation
 q - 3 scrolls of blinking
Jewellery
 f - an uncursed ring of protection from magic {unknown}
 r - a ring of magical power (left hand)
 z - an amulet of clarity (around neck)
 N - an uncursed amulet of warding
 T - a ring of protection from cold (right hand)
Magical staves
 k - an uncursed staff of air
 u - an uncursed staff of fire
 Q - an uncursed staff of wizardry (weapon)
Miscellaneous
 J - a fan of gales


   Skills:
 - Level 3.2 Fighting
 - Level 5.0 Armour
 - Level 1.5 Dodging
 + Level 6.8 Stealth
 - Level 4.0 Shields
 + Level 11.7 Spellcasting
 + Level 9.6 Conjurations
 + Level 12.1 Fire Magic
 * Level 8.8 Air Magic


You had 6 spell levels left.
You knew the following spells:

 Your Spells              Type           Power        Failure   Level  Hunger
a - Flame Tongue          Conj/Fire      #####        1%          1    N/A
b - Throw Flame           Conj/Fire      #####.       1%          2    N/A
c - Conjure Flame         Conj/Fire      #####...     1%          3    N/A
d - Sticky Flame          Conj/Fire      #####...     1%          4    N/A
e - Fireball              Conj/Fire      #####.....   1%          5    N/A
f - Shock                 Conj/Air       ####         1%          1    N/A
g - Static Discharge      Conj/Air       #####...     1%          3    N/A
h - Mephitic Cloud        Conj/Pois/Air  ####....     1%          3    N/A
i - Bolt of Magma         Conj/Fire/Erth #####.....   1%          5    N/A
j - Apportation           Tloc           ##........   3%          1    N/A
k - Delayed Fireball      Conj/Fire      N/A          13%         7    N/A

Dungeon Overview and Level Annotations

Branches:
Dungeon (12/27)            Temple (1/1) D:7             Orc (1/4) D:9
   Lair (8/8) D:12         Shoals (0/5) Lair:4       Spider (0/5) Lair:6
  Slime (0/6) Lair:7

Altars:
Ashenzari
Cheibriados
Elyvilon
Fedhas
Kikubaaqudgha
Makhleb
Nemelex Xobeh
Okawaru
Sif Muna
Vehumet
Yredelemnul
Zin
the Shining One
Jiyva

Portals:
Trove: D:11 (give wand of heal wounds (8))

Annotations:
D:9 exclusion: orange crystal statue


Innate Abilities, Weirdness & Mutations

You do not eat or drink.
Your flesh is vulnerable to fire.
You are in touch with the powers of death.
You can restore your body by infusing magical energy.
Your flesh is cold resistant.
You are immune to negative energy.
Your system is resistant to poisons.
You are immune to unholy pain and torment.
You can survive without breathing.


Message History

The air twists around and strikes you!
Unknown command.
Casting: Sticky Flame
Confirm with . or Enter, or press ? or * to list all spells.
Okay, then.
Casting: Sticky Flame
Confirm with . or Enter, or press ? or * to list all spells.
Aiming: Mephitic Cloud
Press: ? - help, Shift-Dir - straight line, f/p - titan
Aim: a titan (lightly wounded, covered in liquid flames)
The beam explodes into a vile cloud!
The stinking cloud engulfs the titan.
The titan is lightly wounded.
The stinking cloud engulfs you!
The titan burns!
The titan is engulfed in noxious fumes.
You block the titan's attack.
The titan burns!
The titan is engulfed in noxious fumes.
The titan casts a spell at you. The bolt of lightning hits you!
* * * LOW HITPOINT WARNING * * *
The bolt of lightning hits you!
You die...

#####..##.....)..##..#####..(....
#####..####...#.#..(#.# ###..###
.......####.#[)#..###.## #....###
.......#.##...>[.......# #.......
...>...##.####%...#)#..########..
.########..#.#§§#))##.#..# #..
.......##.##.##C§#.#.##.#######..
.......##.....§§#..)..#.##.....).
.......####.....@##[##..######.%#
.......###.#..#####)#.########..#
.......#.##..#.####.#)####.......
..........#.#...##..#)#.##.......
#########...#.#..#.)#.#.##.......
#######.#.####.#.####...# ####
##### ##.### #...# #..# #))#
#...# #######..# #.#######...#


You could see a titan (burning).

Vanquished Creatures
  Fannar (Lair:4)
  Harold (Lair:4)
  9 hydras
  Erica (Lair:5)
  19 death yaks
  2 catoblepae
  The ghost of mopl the Conjurer, an experienced DEWz of Sif Muna (D:10)
  3 hill giants
  The ghost of Zapata the Slicer, an experienced KoBe of Trog (D:7)
  Pikel (D:5)
  A necromancer (Lair:5)
  An oklob plant (D:5)
  2 griffons (Lair:8)
  2 cyclopes (D:11)
  6 elephants
  5 black mambas
  13 spiny frogs
  2 fire drakes
  A hydra zombie (D:12)
  8 komodo dragons
  7 polar bears
  18 blink frogs
  A boulder beetle (Lair:8)
  3 basilisks
  A merfolk (D:7)
  A redback (Lair:6)
  12 grizzly bears
  An elephant slug (Lair:8)
  3 wyverns
  A wraith (D:11)
  Eustachio (D:4)
  30 yaks
  11 hippogriffs
  2 hungry ghosts
  2 manticores
  16 wolves
  9 porcupines
  9 orc warriors
  4 necrophages
  5 ice beasts
  6 sky beasts
  6 black bears
  6 ogres
  2 phantoms
  2 boring beetles (Lair:6)
  A brain worm (D:12)
  9 centaurs
  15 crocodiles
  A warg (D:9)
  7 giant slugs
  16 water moccasins
  2 big kobolds
  10 agate snails
  15 giant frogs
  A gnoll sergeant (D:8)
  15 killer bees
  6 wights
  5 jellies
  A troll zombie (D:8)
  2 hippogriff skeletons
  2 yak skeletons (D:10)
  An eye of draining (D:11)
  A centaur zombie (D:6)
  4 goliath beetles
  4 crimson imps
  11 orc priests
  12 hounds
  11 iguanas
  A black bear skeleton (D:6)
  2 scorpions
  2 giant frog skeletons
  2 grizzly bear simulacra (Lair:5)
  A two-headed ogre skeleton (D:7)
  5 big fish
  13 orc wizards
  34 sheep
  11 worker ants
  An ogre zombie (D:5)
  3 hound skeletons
  6 gnolls (D:8)
  28 adders
  4 giant centipedes
  44 green rats
  2 hound simulacra (Lair:5)
  12 giant mites
  8 worms
  2 grey rats (D:3)
  An iguana zombie (D:7)
  3 giant eyeballs
  3 sheep simulacra (Lair:5)
  21 giant geckos
  3 oozes
  77 orcs
  17 bats
  14 hobgoblins
  28 jackals
  10 quokkas
  18 ball pythons
  17 giant cockroaches
  A giant gecko skeleton (D:4)
  14 giant newts
  2 giant spores
  9 goblins
  2 hobgoblin skeletons
  A hobgoblin zombie (D:6)
  27 kobolds
  A kobold skeleton (D:5)
  A kobold zombie (D:7)
  14 rats
  4 rat simulacra (Lair:5)
  14 ballistomycetes
  14 fungi
  17 plants
905 creatures vanquished.

Vanquished Creatures (collateral kills)
  2 fire drakes
2 creatures vanquished.

Vanquished Creatures (others)
  An ooze (D:5)
  A giant spore (D:9)
  35 fungi
  15 plants
52 creatures vanquished.

Grand Total: 959 creatures vanquished

Notes
Turn   | Place    | Note
--------------------------------------------------------------
     0 | D:1      | Lilouch, the Mummy Fire Elementalist, began the quest for the Orb.
     0 | D:1      | Reached XP level 1. HP: 13/13 MP: 3/3
   147 | D:1      | Reached skill level 1 in Conjurations
   332 | D:1      | Reached XP level 2. HP: 13/19 MP: 0/4
   943 | D:2      | Reached skill level 3 in Fire Magic
   957 | D:1      | Reached XP level 3. HP: 2/24 MP: 0/6
  1896 | D:2      | Reached XP level 4. HP: 30/30 MP: 5/7
  2649 | D:3      | Found a glowing drain.
  2659 | Sewer    | Entered a sewer
  2833 | Sewer    | Reached XP level 5. HP: 29/35 MP: 1/9
  3080 | Sewer    | Reached skill level 4 in Fire Magic
  3561 | Sewer    | Reached XP level 6. HP: 38/41 MP: 3/11
  3663 | Sewer    | Noticed a giant frog
  3663 | Sewer    | Noticed a giant frog
  3696 | Sewer    | Learned a level 2 spell: Throw Flame
  3700 | Sewer    | Learned a level 3 spell: Conjure Flame
  3705 | Sewer    | Learned a level 4 spell: Sticky Flame
  3715 | Sewer    | Killed a giant frog
  3739 | Sewer    | Killed a giant frog
  5196 | D:4      | Reached XP level 7. HP: 46/46 MP: 5/14
  5199 | D:4      | Reached skill level 5 in Fire Magic
  5473 | D:4      | Noticed Eustachio
  5812 | D:4      | Killed Eustachio
  5918 | D:5      | Entered Level 5 of the Dungeon
  6145 | D:5      | Paralysed by a giant eyeball for 2 turns
  6157 | D:5      | Found a blossoming altar of Fedhas.
  6186 | D:5      | Noticed an oklob plant
  7110 | D:5      | HP: 2/46 [crimson imp (3)]
  7141 | D:4      | HP: 2/46 [crimson imp (1)]
  7408 | D:5      | Reached XP level 8. HP: 39/52 MP: 5/18
  7590 | D:5      | Noticed Pikel
  7611 | D:5      | Killed Pikel
  7611 | D:5      | Reached skill level 6 in Fire Magic
  8023 | D:5      | HP: 2/52 [orc priest/divine providence (11)]
  8031 | D:5      | HP: 1/52 [orc priest/orcish dagger (3)]
  9022 | D:6      | Learned a level 5 spell: Fireball
  9121 | D:5      | Reached skill level 7 in Fire Magic
  9306 | D:6      | Reached skill level 5 in Spellcasting
  9436 | D:6      | Reached skill level 5 in Conjurations
  9924 | D:6      | Reached XP level 9. HP: 20/57 MP: 15/20
 10608 | D:7      | Noticed Zapata's ghost (experienced KoBe)
 11128 | D:8      | Got a transparent falchion
 11170 | D:7      | Reached skill level 8 in Fire Magic
 11296 | D:7      | Found a deep blue altar of Sif Muna.
 11296 | D:7      | Found an iron altar of Okawaru.
 11717 | D:7      | Killed Zapata's ghost
 11783 | D:7      | Reached skill level 9 in Fire Magic
 11975 | D:7      | Reached XP level 10. HP: 55/63 MP: 23/23
 12018 | D:7      | Found a staircase to the Ecumenical Temple.
 12074 | Temple   | Entered the Ecumenical Temple
 12091 | Temple   | Became a worshipper of Vehumet
 12250 | D:7      | Found an iron altar of Okawaru.
 12360 | D:7      | Paralysed by a giant eyeball for 3 turns
 13150 | D:8      | Identified the cursed -2,+1 falchion "Giatecli" {freeze, Dex+4} (You found it on level 8 of the Dungeon)
 13350 | D:8      | Acquired Vehumet's first power
 13350 | D:8      | Offered knowledge of Shock by Vehumet.
 13428 | D:8      | Learned a level 1 spell: Shock
 14322 | D:9      | Got a crude dagger
 14684 | D:9      | Found a staircase to the Orcish Mines.
 14696 | D:9      | Offered knowledge of Magic Dart by Vehumet.
 14707 | D:9      | Reached skill level 1 in Air Magic
 14753 | D:9      | Identified the +8,+11 dagger of Drought {holy, -Cast rPois rN+ Dex+2} (You found it on level 9 of the Dungeon)
 16213 | D:5      | Killed an oklob plant
 16213 | D:5      | Reached skill level 10 in Fire Magic
 16621 | Orc:1    | Entered Level 1 of the Orcish Mines
 16638 | D:9      | Offered knowledge of Static Discharge by Vehumet.
 16643 | D:9      | Learned a level 3 spell: Static Discharge
 16796 | D:10     | Entered Level 10 of the Dungeon
 16799 | D:10     | Noticed a hill giant
 18302 | D:10     | Killed a hill giant
 18312 | D:10     | Noticed mopl's ghost (experienced DEWz)
 18324 | D:9      | HP: 1/63 [wyvern (16)]
 18325 | D:9      | Reached XP level 11. HP: 2/68 MP: 19/25
 18331 | D:9      | Acquired Vehumet's second power
 19909 | D:10     | Killed mopl's ghost
 20249 | D:10     | Identified a scroll of acquirement
 20355 | D:10     | Offered knowledge of Mephitic Cloud by Vehumet.
 20360 | D:10     | Learned a level 3 spell: Mephitic Cloud
 20892 | D:11     | Noticed a five-headed hydra
 21409 | D:11     | Reached skill level 1 in Shields
 21688 | D:11     | Noticed a hill giant
 21697 | D:11     | Killed a hill giant
 21732 | D:11     | Acquired Vehumet's third power
 21855 | D:11     | Killed a five-headed hydra
 22281 | D:11     | Reached skill level 11 in Fire Magic
 22284 | D:11     | Offered knowledge of Bolt of Magma by Vehumet.
 22433 | D:11     | Found a portal to a secret trove of treasure.
 22468 | D:11     | Noticed a hill giant
 22477 | D:11     | Killed a hill giant
 22692 | D:11     | Learned a level 5 spell: Bolt of Magma
 22704 | D:11     | Found an iron altar of Okawaru.
 23209 | D:12     | Found a staircase to the Lair.
 23268 | D:12     | Reached XP level 12. HP: 66/74 MP: 13/28
 23423 | D:12     | Noticed a death yak
 23847 | D:12     | Offered knowledge of Ignite Poison by Vehumet.
 23944 | D:12     | Killed a death yak
 23944 | D:12     | Reached skill level 5 in Air Magic
 24265 | Lair:1   | Entered Level 1 of the Lair of Beasts
 25259 | Lair:1   | Reached skill level 10 in Spellcasting
 25740 | Lair:2   | Reached skill level 1 in Armour
 26114 | Lair:2   | Noticed a six-headed hydra
 26146 | Lair:2   | Killed a six-headed hydra
 26510 | Lair:2   | Offered knowledge of Bolt of Fire by Vehumet.
 29078 | Lair:3   | Learned a level 1 spell: Apportation
 29417 | Lair:4   | Reached XP level 13. HP: 79/79 MP: 28/30
 29428 | Lair:4   | Noticed Fannar
 29600 | Lair:4   | Killed Fannar
 29801 | Lair:4   | Noticed a seven-headed hydra
 29821 | Lair:4   | Killed a seven-headed hydra
 29950 | Lair:4   | Noticed a seven-headed hydra
 29958 | Lair:4   | Killed a seven-headed hydra
 30778 | Lair:4   | Found a staircase to the Shoals.
 30818 | Lair:4   | Noticed Harold
 30833 | Lair:4   | Killed Harold
 31211 | Lair:4   | Offered knowledge of Fulminant Prism by Vehumet.
 31371 | Lair:5   | Reached skill level 5 in Armour
 31526 | Lair:5   | Noticed Erica
 32147 | Lair:5   | Reached skill level 1 in Fighting
 32808 | Lair:5   | Reached skill level 5 in Stealth
 33132 | Lair:5   | Killed Erica
 34023 | Lair:6   | Found a hole to the Spider Nest.
 35014 | Lair:7   | Reached XP level 14. HP: 90/90 MP: 32/32
 35147 | Lair:7   | Offered knowledge of Bolt of Draining by Vehumet.
 36375 | Lair:7   | Found a staircase to the Slime Pits.
 36456 | Lair:7   | Found a viscous altar of Jiyva.
 36861 | Lair:8   | Entered Level 8 of the Lair of Beasts
 38111 | Lair:8   | Offered knowledge of Delayed Fireball by Vehumet.
 38122 | Lair:8   | Learned a level 7 spell: Delayed Fireball
 39497 | Lair:8   | Reached skill level 12 in Fire Magic
 44190 | D:9      | Noticed a titan
 44203 | D:9      | Killed from afar by a titan

Action                   |  1- 3 |  4- 6 |  7- 9 | 10-12 | 13-15 || total
-------------------------+-------+-------+-------+-------+-------++-------
Melee: Unarmed           |     4 |       |       |     3 |       ||     7
       Spear             |    21 |    26 |   612 |       |       ||   659
       Whip              |       |       |   135 |     6 |       ||   141
       Sabre             |       |       |    43 |       |       ||    43
       Staff             |       |       |     1 |    23 |    61 ||    85
       Falchion          |       |       |       |    84 |       ||    84
Throw: Stone             |       |       |     2 |       |       ||     2
 Cast: Flame Tongue      |    58 |   183 |   184 |   212 |   111 ||   748
       Conjure Flame     |       |     4 |    31 |   125 |   101 ||   261
       Sticky Flame      |       |       |    13 |    64 |   106 ||   183
       Throw Flame       |       |       |     7 |    22 |    23 ||    52
       Fireball          |       |       |    22 |   269 |   273 ||   564
       Shock             |       |       |       |   145 |    46 ||   191
       Static Discharge  |       |       |       |     3 |     3 ||     6
       Mephitic Cloud    |       |       |       |     9 |    17 ||    26
       Bolt of Magma     |       |       |       |     1 |    12 ||    13
       Delayed Fireball  |       |       |       |       |     1 ||     1
Evoke: Wand              |       |       |     3 |     1 |    14 ||    18
       Miscellaneous     |       |       |       |       |     2 ||     2
  Use: Scroll            |       |       |     6 |    14 |     6 ||    26
